 Dungeon Crawl Stone Soup version 0.31.0-1-g2c135a008e (webtiles) character file.

Game seed: 17547709341310276761

1040 qw the Shooter (level 8, -7/58 HPs)
             Began as a Djinni Hunter on Jan 24, 2024.
             Mangled by a gnoll
             ... wielding a +0 flail
             ... led by a gnoll bouda
              (8 damage)
             ... on level 6 of the Dungeon.
             The game lasted 00:00:20 (3661 turns).

qw the Shooter (Djinni Hunter)                      Turns: 3661, Time: 00:00:21

Health: -7/58      AC:  7    Str: 10    XL:     8   Next: 49%
Gold:   349        EV: 12    Int: 11    God:
                   SH:  0    Dex: 19

rFire   + + .        a - +0 shortbow (drain)
rCold   . . .        (shield currently unavailable)
rNeg    . . .        n - +0 ring mail
rPois   inf          (no helmet)
rElec   .            d - +1 cloak
rCorr   .            (no gloves)
SInv    +            (boots unavailable)
Will    .....        (no amulet)
Stlth   +            f - ring of see invisible
HPRegen 0.29/turn    i - ring of protection from cold
MPRegen 0.00/turn

%: infuse magic (-8 HP)
@: flying
A: sickness immunity, fire resistance 2, cold vulnerability 1, float, innate
caster, HP casting, extra vitality 1
a: no special abilities


You were on level 6 of the Dungeon.
You visited 2 branches of the dungeon, and saw 7 of its levels.

You collected 349 gold pieces.


Innate Abilities, Weirdness & Mutations

You are immune to sickness and miasma.
You are immune to poison.
Your flesh is very heat resistant. (rF++)
You are vulnerable to cold. (rC-)
You float through the air rather than walking.
You learn spells naturally, not from books.
Your magical power is your life essence.
You have superior vitality. (+4 MHP)


   Skills:
 + Level 4.3 Fighting
 - Level 7.0 Ranged Weapons
 - Level 2.2 Armour
 - Level 4.3 Dodging
 - Level 0.7 Stealth


You knew the following spells:

 Your Spells              Type           Power      Damage    Failure   Level
a - Sandblast             Erth           0%         2d4       65%         1
b - Blink                 Tloc           0%         N/A       80%         2
c - Teleport Other        Tloc           0%         N/A       95%         3
Your spell library was empty.

Inventory:

Hand Weapons
 a - a +0 shortbow of draining (weapon)
Armour
 d - a +1 cloak (worn)
 n - a +0 ring mail (worn)
Jewellery
 f - a ring of see invisible (left hand)
 i - a ring of protection from cold (right hand)
 Y - a ring of protection from fire
Wands
 k - a wand of polymorph (7)
 p - a wand of quicksilver (8)
Scrolls
 b - a scroll of identify
Potions
 e - 2 potions of haste
 g - a potion of magic {unknown}
 h - 2 potions of curing
 m - a potion of enlightenment {unknown}

Dungeon Overview and Level Annotations

Branches:
Dungeon (6/15)             Temple (1/1) D:4

Altars:
Ashenzari
Cheibriados
Dithmenos
Elyvilon
Gozag
Hepliaklqana
Makhleb
Nemelex Xobeh
Qazlal
Ru
Trog
Uskayaw
Wu Jian
Xom
Yredelemnul
The Shining One

Annotations:
D:3 1 runed translucent door, Crazy Yiuf


Message History

3650 ||| FLEEEEING.
3651 ||| FLEEEEING.
3652 ||| FLEEEEING.
Enter note:
Enter note: You shoot an arrow.
The arrow hits the orc but does no damage.
You drain the orc.
The orc is heavily wounded.
You shoot an arrow.
The arrow hits the orc but does no damage.
The orc is heavily wounded.
The orc hits you with a +0 flail.
You shoot an arrow. The arrow closely misses the orc.
The orc hits you with a +0 flail.
You shoot an arrow. The arrow barely misses the orc.
The orc hits you but does no damage. The orc closely misses you.
The orc barely misses you.
You shoot an arrow.
The arrow hits the orc but does no damage.
You drain the orc.
The orc is almost dead.
The orc hits you with a +0 flail. The orc barely misses you.
The orc closely misses you.
You shoot an arrow. The arrow closely misses the orc.
The arrow barely misses the gnoll.
The orc barely misses you. The orc closely misses you.
The gnoll hits you from afar with a +2 vampiric spear.
You shoot an arrow. The arrow hits the orc.
You kill the orc!
The orc hits you but does no damage.
The gnoll hits you from afar with a +2 vampiric spear.
You shoot an arrow. The arrow barely misses the gnoll.
The orc closely misses you. The gnoll hits you with a +0 flail!
The gnoll closely misses you. The gnoll misses you.
The orc hits you with a +0 mace.
You shoot an arrow. The arrow hits the gnoll!
The gnoll is heavily wounded.
The gnoll hits you with a +0 flail! x2
You die...

..............#.##.(..#.##......#
....#...................##......#
....#.##.##.##..###...####......#
........g.o...........# #......#
...#..#..##...........# ######.#
.....g...#####..####.## #.#
.###..#......#.g...#.# #.#
.)..g...####.#.og#.#.# #.#
)###..### #.#@#.#.#### #.#
.###..## #.g.....>..# #<#
..##...#####.#.#.#.#.##.# #.#
..##.........#.#.#...>#.# #.#
..##...#######.#.###..#.# #.#
......########........#.# #.#
#.##### .........#....#.# #..
#...........?....###..#.#########
#.####..########.# #..........#


You could see 3 gnolls and an orc.

Vanquished Creatures
  An ice beast (D:6)
  2 black bears (D:5)
  2 sky beasts (D:6)
  4 scorpions
  An orc priest (D:5)
  2 hounds (D:6)
  A gnoll bouda (D:6)
  Jessica (D:3)
  Terence (D:2)
  2 gnolls (D:6)
  6 adders
  6 ufetubi
  3 dart slugs
  A ribbon worm (D:2)
  11 orcs
  5 ball pythons
  An endoplasm (D:4)
  5 giant cockroaches
  6 goblins
  4 hobgoblins
  4 jackals (D:1)
  4 kobolds
  2 quokkas
  2 bats
  5 frilled lizards
  4 rats
86 creatures vanquished.

Notes
Turn   | Place    | Note
-------+----------+-------------------------------------------
     0 | D:1      | qw the Djinni Hunter began the quest for the Orb.
     0 | D:1      | Reached XP level 1. HP: 18/18 MP: 0/0
     0 | D:1      | 0 ||| qw: Version: 0.3-a-136-gdd3b4e8
     0 | D:1      | 0 ||| qw: Game counter: 1212
     0 | D:1      | 0 ||| qw: Melee chars always use a shield: true
     0 | D:1      | 0 ||| qw: God list: Okawaru
     0 | D:1      | 0 ||| qw: Allow faded altars: false
     0 | D:1      | 0 ||| qw: Do Orc after clearing Dungeon:15 true
     0 | D:1      | 0 ||| qw: Do second Lair branch before Depths: true
     0 | D:1      | 0 ||| qw: Lair rune preference: random
     0 | D:1      | 0 ||| qw: Goals: Normal
     0 | D:1      | 0 ||| PLANNING D:1-11
    45 | D:1      | 45 ||| DROPPING scroll of butterflies.
    51 | D:1      | Reached XP level 2. HP: 23/23 MP: 0/0
   420 | D:1      | Reached skill level 4 in Ranged Weapons
   420 | D:1      | Reached XP level 3. HP: 28/28 MP: 0/0
   420 | D:1      | Learned a level 1 spell: Sandblast
   682 | D:1      | 682 ||| UPGRADING to +0 cloak.
   687 | D:1      | 687 ||| DROPPING ring of wizardry.
   688 | D:1      | 688 ||| READING scroll labelled SIACOH URERICO.
   689 | D:1      | 689 ||| READING scroll labelled LODAMAJYCS.
   690 | D:1      | 690 ||| READING 2 scrolls labelled KETECA PECIA.
   693 | D:1      | 693 ||| DRINKING 2 coppery potions.
   720 | D:2      | Found a faded altar of an unknown god.
   915 | D:2      | Reached skill level 3 in Fighting
   915 | D:2      | Reached XP level 4. HP: 25/35 MP: 0/0
   994 | D:2      | Noticed Terence
  1010 | D:2      | Killed Terence
  1011 | D:2      | Reached skill level 3 in Dodging
  1181 | D:2      | 1181 ||| UPGRADING to ring of protection from cold.
  1182 | D:2      | 1182 ||| READING scroll labelled QIDICW SEVUI.
  1182 | D:2      | 1182 ||| BRANDING +0 shortbow.
  1298 | D:3      | Found a runed translucent door.
  1299 | D:3      | Noticed Crazy Yiuf
  1457 | D:3      | Reached XP level 5. HP: 39/40 MP: 0/0
  1457 | D:3      | Learned a level 2 spell: Blink
  1470 | D:3      | Noticed Jessica
  1472 | D:3      | Killed Jessica
  1770 | D:3      | 1770 ||| UPGRADING to +0 ring mail.
  1780 | D:3      | 1780 ||| DROPPING +0 leather armour.
  1781 | D:3      | 1781 ||| UPGRADING to ring of protection from fire.
  1782 | D:3      | 1782 ||| READING scroll labelled VEIBRASILO.
  1783 | D:3      | 1783 ||| READING scroll labelled EFIASOLOSM.
  1783 | D:3      | 1783 ||| ENCHANTING +0 cloak.
  1784 | D:3      | 1784 ||| READING scroll labelled IGIWNI KAPHUH.
  1985 | D:4      | Reached XP level 6. HP: 41/46 MP: 0/0
  2044 | D:4      | Found a glowing golden altar of the Shining One.
  2086 | D:4      | Found a staircase to the Ecumenical Temple.
  2087 | D:4      | 2087 ||| PLANNING TEMPLE
  2088 | D:4      | 2088 ||| DRINKING 2 bubbling white potions.
  2089 | D:4      | 2089 ||| DROPPING potion of degeneration.
  2097 | Temple   | Entered the Ecumenical Temple
  2098 | Temple   | 2098 ||| PLANNING D:1-11
  2392 | D:4      | 2392 ||| READING scroll labelled RUSECZ URCHEAC.
  2393 | D:4      | 2393 ||| READING scroll labelled AWYCAS YNOKHUSH.
  2445 | D:5      | Entered Level 5 of the Dungeon
  2453 | D:5      | Reached skill level 5 in Ranged Weapons
  2727 | D:5      | Noticed a black bear
  2733 | D:5      | Killed a black bear
  2734 | D:5      | Reached XP level 7. HP: 53/53 MP: 0/0
  2734 | D:5      | Learned a level 3 spell: Teleport Other
  2803 | D:5      | HP: 9/53 [black bear (5)]
  2804 | D:5      | 2804 ||| READING scroll of teleportation.
  2804 | D:5      | HP: 4/53 [black bear (6)]
  2807 | D:5      | 2807 ||| ZAPPING wand of quicksilver (9) at 1,-1 (black
                  | bear; floor).
  2808 | D:5      | Reached skill level 6 in Ranged Weapons
  3179 | D:5      | 3179 ||| DROPPING scarf of harm.
  3180 | D:5      | 3180 ||| UPGRADING to ring of see invisible.
  3182 | D:5      | 3182 ||| UPGRADING to ring of protection from cold.
  3184 | D:5      | 3184 ||| READING 2 scrolls labelled ISIWEOSEEBYNN.
  3184 | D:5      | 3184 ||| IDENTIFYING pink potion
  3185 | D:5      | 3185 ||| READING scroll of identify.
  3185 | D:5      | 3185 ||| IDENTIFYING murky grey potion
  3186 | D:5      | 3186 ||| READING scroll labelled UROHICV TEDIGH.
  3274 | D:5      | 3274 ||| READING scroll labelled LOIRRILAKA.
  3405 | D:6      | Reached XP level 8. HP: 57/58 MP: 0/0
  3608 | D:6      | 3608 ||| RETREEEEATING.
  3610 | D:6      | 3610 ||| RETREEEEATING.
  3612 | D:6      | 3612 ||| RETREEEEATING.
  3613 | D:6      | 3613 ||| RETREEEEATING.
  3614 | D:6      | 3614 ||| RETREEEEATING.
  3615 | D:6      | 3615 ||| RETREEEEATING.
  3616 | D:6      | 3616 ||| RETREEEEATING.
  3617 | D:6      | 3617 ||| RETREEEEATING.
  3621 | D:6      | 3621 ||| RETREEEEATING.
  3622 | D:6      | 3622 ||| RETREEEEATING.
  3627 | D:6      | HP: 12/58 [sky beast (5)]
  3628 | D:6      | 3628 ||| DRINKING potion of heal wounds.
  3638 | D:6      | Reached skill level 7 in Ranged Weapons
  3638 | D:6      | 3638 ||| FLEEEEING.
  3639 | D:6      | 3639 ||| FLEEEEING.
  3640 | D:6      | 3640 ||| FLEEEEING.
  3641 | D:6      | 3641 ||| FLEEEEING.
  3642 | D:6      | 3642 ||| FLEEEEING.
  3643 | D:6      | 3643 ||| FLEEEEING.
  3644 | D:6      | 3644 ||| FLEEEEING.
  3645 | D:6      | 3645 ||| FLEEEEING.
  3646 | D:6      | 3646 ||| FLEEEEING.
  3647 | D:6      | 3647 ||| FLEEEEING.
  3648 | D:6      | 3648 ||| FLEEEEING.
  3649 | D:6      | 3649 ||| FLEEEEING.
  3650 | D:6      | 3650 ||| FLEEEEING.
  3651 | D:6      | 3651 ||| FLEEEEING.
  3652 | D:6      | 3652 ||| FLEEEEING.
  3660 | D:6      | HP: 12/58 [orc/+0 mace (4)]
  3661 | D:6      | HP: 1/58 [gnoll/+0 flail[a gnoll bouda] (12)]
  3661 | D:6      | Mangled by a gnoll

Levels and vault maps discovered:
D:1:      saegor_arrival_simple_c, layout_loops_ring, minmay_strange_pillars
D:2:      layout_basic, shapermc_ecumenical_altar_pompeii, uniq_terence
D:3:      layout_basic, mainiacjoe_overflow_six_doors_small,
          uniq_crazy_yiuf_cottage, uniq_jessica
D:4:      layout_gridville, kennysheep_mini_moat, minmay_temple_entry_crystal_x
D:5:      layout_basic, grunt_ministairs_10
D:6:      layout_basic, minmay_hedge_maze, minmay_mini_ossuary
Temple:   sentei_temple_godly_chess

Skill      XL: |  1  2  3  4  5  6  7  8 |
---------------+-------------------------+-----
Ranged Weapons | 4 5 6 7 |  7.0
Fighting       | 3 4 |  4.3
Dodging        | 3 4 |  4.3
Armour         | 2 |  2.2
Stealth        | |  0.7

Action                     |  1- 3 |  4- 6 |  7- 9 || total
---------------------------+-------+-------+-------++-------
   Fire: Shortbow          |   104 |   121 |   112 ||   337
  Evoke: Wand              |       |       |     1 ||     1
    Use: Scroll            |     3 |     6 |     5 ||    14
         Potion            |     1 |     1 |     1 ||     3
 Armour: Leather armour    |    31 |     9 |       ||    40
         Ring mail         |       |    37 |   108 ||   145
  Dodge: Dodged            |    37 |    53 |   107 ||   197

Table legend:
 A = Non-vault XP
 B = Vault XP
 C = Vault XP percentage of total XP
 D = Non-vault monster count
 E = Vault monster count
 F = Vault count percentage of total count
                 A         B        C        D         E       F
            +---------+---------+-------+---------+---------+-------
      Total |    1286 |     201 |  13.5 |      83 |       3 |   3.5
            +---------+---------+-------+---------+---------+-------
        D:1 |      37 |       0 |   0.0 |      21 |       0 |   0.0
        D:2 |      47 |      36 |  43.4 |      14 |       1 |   6.7
        D:3 |      22 |      37 |  62.7 |       6 |       1 |  14.3
        D:4 |     193 |       0 |   0.0 |      11 |       0 |   0.0
        D:5 |     393 |     128 |  24.6 |      17 |       1 |   5.6
        D:6 |     594 |       0 |   0.0 |      14 |       0 |   0.0
            +---------+---------+-------+---------+---------+-------
